Map: Lost and Found LE

Players

Serral - Winner!

  • Race: Zerg Zerg
  • Spawn Location: 7:00

HeroMarine

  • Race: Terran Terran
  • Spawn Location: 1:00

Event: WCS Valencia 2018

VOD

Have the link to the VOD?

Description

Time

  • Played on: July 14, 2018, 10:27 a.m.
  • Length: 9:58

All games in this series

Show
View Real Time Build Order
Export as new Build Order

Serral Zerg - Winner!

Build Orders: Hatch First, Swarm Host 

Get SALT Encoding   

  12  0:00  Drone  
  13  0:12  Overlord  
  13  0:16  Drone  
  14  0:30  Drone  
  14  0:31  Drone  
  16  0:47  Hatchery  
  15  0:51  Drone  
  15  0:54  Drone  
  17  0:57  Drone  
  18  1:08  Extractor  
  17  1:12  Spawning Pool  
  17  1:16  Drone  
  17  1:18  Drone  
  18  1:28  Drone  
  19  1:38  Drone  
  20  1:49  Overlord  
  20  1:59  Queen x2  
  20  2:00  Zergling x2  
  20  2:01  Zergling x2  
  26  2:08  Metabolic Boost  
  26  2:10  Drone  
  26  2:13  Drone  
  28  2:28  Hatchery  
  27  2:31  Drone  
  27  2:33  Drone  
  27  2:37  Drone  
  30  2:42  Queen  
  32  2:49  Overlord  
  32  2:51  Drone  
  32  2:54  Drone  
  32  2:56  Drone  
  32  2:58  Drone  
  36  3:12  Drone x2  
  38  3:16  Zergling x4  
  38  3:17  Overlord  
  38  3:18  Drone  
  41  3:23  Drone  
  41  3:24  Drone  
  43  3:36  Zergling x2  
  43  3:38  Drone  
  43  3:41  Drone x3  
  46  3:42  Drone  
  46  3:45  Queen x2  
  46  3:47  Zergling x2  
  53  3:53  Overlord  
  53  3:55  Extractor, Zergling x2  
  54  3:56  Drone x3  
  57  4:02  Zergling x2  
  57  4:05  Drone  
  57  4:06  Overlord  
  59  4:10  Overlord  
  59  4:11  Extractor, Roach Warren  
  59  4:14  Lair  
  57  4:17  Zergling x2  
  57  4:19  Drone x3  
  57  4:20  Drone  
  62  4:24  Overlord  
  62  4:30  Drone x4  
  66  4:33  Overlord  
  66  4:37  Spore Crawler  
  65  4:43  Drone x3  
  68  4:49  Overlord  
  72  4:52  Roach  
  72  4:53  Roach  
  72  4:54  Roach  
  72  4:55  Roach x2  
  72  4:56  Drone  
  72  4:57  Drone  
  72  4:59  Overlord  
  80  5:00  Zergling x2  
  80  5:02  Drone  
  80  5:05  Drone  
  83  5:07  Drone  
  83  5:10  Roach  
  83  5:13  Overseer  
  86  5:14  Glial Reconstitution  
  86  5:16  Extractor, Roach  
  86  5:17  Roach x2  
  86  5:18  Drone x2  
  92  5:23  Overlord, Extractor  
  92  5:24  Extractor, Drone  
  92  5:26  Drone x2  
  93  5:32  Evolution Chamber x2  
  91  5:35  Overlord  
  91  5:38  Drone x5  
  91  5:41  Drone  
  91  5:42  Drone  
  96  5:47  Drone x3  
  92  5:50  Drone  
  92  5:56  Drone x2  
  95  5:59  Overseer  
  95  6:04  Extractor  
  95  6:05  Zerg Missile Weapons Level 1, Drone x2, Zerg Ground Armor Level 1  
  95  6:06  Drone x2  
  95  6:07  Zergling x6  
  101  6:12  Zergling x6  
  101  6:14  Zergling x2  
  104  6:20  Overlord  
  104  6:21  Hatchery  
  104  6:25  Roach x2  
  107  6:34  Roach x4  
  107  6:39  Queen  
  117  6:48  Drone x9  
  117  6:52  Ravager x3  
  117  6:53  Drone  
  129  6:55  Overlord x2  
  129  6:58  Overlord  
  129  7:06  Overlord x2  
  129  7:07  Overlord, Infestation Pit  
  128  7:11  Overlord x2  
  128  7:20  Roach x9  
  138  7:24  Roach  
  138  7:28  Overseer  
  128  7:33  Roach x3  
  128  7:35  Roach x4  
  139  7:50  Swarm Host x5  
  154  7:53  Swarm Host  
  154  7:56  Swarm Host x2  
  154  7:58  Extractor  
  154  8:03  Spine Crawler x2  
  154  8:04  Extractor, Swarm Host x4  
  163  8:09  Drone x2  
  163  8:10  Spine Crawler x2, Drone x3  
  166  8:13  Swarm Host x2  
  172  8:21  Queen  
  172  8:23  Drone  
  172  8:24  Spore Crawler  
  174  8:39  Swarm Host  
  177  8:43  Swarm Host  
  177  8:44  Swarm Host  
  183  8:51  Roach x4  
  183  8:54  Hatchery  
  190  8:57  Roach  
  192  9:08  Roach x4  
  186  9:13  Roach x4  
  190  9:20  Ravager x3  
  190  9:22  Overlord x2  
  190  9:23  Overlord  
  189  9:29  Roach x3  
  189  9:33  Roach  
  191  9:42  Spire  
  191  9:43  Hydralisk Den  
Show
View Real Time Build Order
Export as new Build Order

HeroMarine Terran 

Build Orders: Hellion Opening, Reaper Expand, Mech 

Get SALT Encoding   

  12  0:00  SCV  
  13  0:13  SCV  
  14  0:17  Supply Depot  
  14  0:25  SCV  
  15  0:38  SCV  
  15  0:41  Barracks  
  16  0:43  Refinery  
  16  0:50  SCV  
  17  1:02  SCV  
  18  1:15  SCV  
  19  1:28  Orbital Command, Reaper  
  20  1:38  Command Center  
  20  1:48  Supply Depot  
  20  1:54  SCV  
  21  2:00  Marine  
  22  2:06  SCV  
  22  2:08  Factory  
  23  2:13  Refinery  
  23  2:18  SCV  
  23  2:21  Barracks Reactor  
  24  2:30  SCV  
  25  2:42  SCV  
  26  2:51  Orbital Command  
  26  2:54  Starport, SCV  
  27  3:01  Hellion x2  
  31  3:05  Barracks Tech Lab  
  31  3:06  SCV  
  32  3:13  Supply Depot  
  32  3:18  SCV  
  32  3:19  SCV  
  34  3:22  Hellion x2  
  38  3:30  SCV  
  38  3:31  SCV  
  38  3:43  SCV x2  
  38  3:45  Hellion  
  38  3:46  Viking, Hellion  
  46  3:49  Supply Depot  
  46  3:55  SCV  
  47  3:57  SCV  
  48  4:07  SCV  
  48  4:09  Armory, SCV, Hellion x2  
  54  4:14  Supply Depot  
  54  4:16  Medivac  
  56  4:20  SCV  
  56  4:21  SCV  
  58  4:29  Liberator  
  57  4:32  SCV, Hellion  
  57  4:33  Hellion  
  62  4:40  Supply Depot  
  62  4:41  SCV  
  62  4:43  Supply Depot  
  62  4:44  SCV  
  67  4:54  SCV, Hellion  
  70  5:02  Command Center, SCV, Hellion  
  70  5:06  SCV, Terran Vehicle Weapons Level 1  
  74  5:14  SCV  
  75  5:18  SCV  
  75  5:20  Refinery  
  76  5:21  Barracks Tech Lab  
  76  5:22  Refinery  
  76  5:23  Factory  
  76  5:25  Factory  
  76  5:26  SCV  
  77  5:30  SCV  
  77  5:32  Hellion x2  
  82  5:38  SCV  
  82  5:42  SCV  
  76  5:50  SCV  
  76  5:54  SCV  
  74  6:00  Engineering Bay  
  74  6:01  Engineering Bay  
  74  6:02  SCV  
  74  6:03  Starport Reactor  
  75  6:06  SCV  
  76  6:13  Barracks Tech Lab  
  76  6:14  Orbital Command  
  76  6:16  Siege Tank x2  
  76  6:18  SCV x2  
  88  6:25  Hellion x2  
  88  6:30  SCV x2  
  90  6:36  Orbital Command  
  90  6:42  SCV x2  
  90  6:48  Siege Tank x2  
  97  6:54  SCV  
  97  6:55  SCV  
  97  7:01  Terran Infantry Weapons Level 1, Terran Infantry Armor Level 1  
  98  7:02  SCV  
  98  7:06  SCV  
  98  7:07  SCV  
  101  7:08  Refinery  
  101  7:14  SCV  
  100  7:16  Refinery  
  100  7:18  SCV  
  100  7:19  SCV  
  100  7:21  Hellion  
  100  7:22  Hellion  
  101  7:25  Siege Tank  
  101  7:27  SCV  
  101  7:32  SCV x2  
  101  7:38  Siege Tank  
  101  7:40  SCV  
  101  7:41  Refinery  
  98  7:44  SCV x2  
  98  7:46  Refinery  
  100  7:53  Marine  
  100  7:54  Stimpack  
  100  7:55  SCV, Hellion x2  
  100  7:56  SCV  
  100  7:57  Siege Tank  
  107  7:58  Supply Depot  
  107  8:02  Barracks  
  107  8:03  Barracks  
  107  8:04  Barracks  
  107  8:05  Barracks  
  107  8:06  Starport Reactor  
  107  8:12  SCV x2  
  109  8:14  Siege Tank, Supply Depot, SCV  
  109  8:15  Supply Depot  
  113  8:20  Marine  
  113  8:23  Infernal Pre-Igniter, Hellion x2  
  118  8:29  Siege Tank, Supply Depot  
  118  8:30  Supply Depot  
  121  8:44  Command Center  
  121  8:45  Marine  
  121  8:47  Siege Tank  
  125  8:51  Factory Tech Lab  
  125  8:53  Marine x2  
  125  8:55  Starport Reactor  
  127  9:01  Siege Tank  
  127  9:02  Barracks Reactor x2  
  130  9:04  Marine x3  
  116  9:10  SCV  
  116  9:11  SCV x2, Marine x2  
  116  9:14  Siege Tank  
  114  9:19  Siege Tank  
  114  9:21  Marine x2  
  114  9:22  Marine  
  120  9:26  Barracks  
  120  9:28  Marine x2  
  120  9:30  Barracks  
  110  9:36  SCV x2  
  110  9:37  SCV  
  114  9:39  Marine x2  
  114  9:40  Marine  
Tags
 
Add a new tag
Caveats
  • Supply blocks, unpowered buildings, or Contaminate may cause inaccurate times.
  • Supply counts are checked every 10 seconds.